Match 41403183
Unlisted

Match 41403183
End
Kettenkrad Recon Vehicle
Construct Infanterie Kompanie
Selects Terror Battlegroup
Selects Machine Gun Camouflage
MG 42 Machine Gun Team
MG 42 Machine Gun Team
GrW 34 Mortar Team
MG 42 Machine Gun Team
Construct Panzergrenadier Kompanie
MG 42 Machine Gun Team
251 Medium Carrier
Pak 40 Anti-tank Gun Team
Kettenkrad Recon Vehicle
Pioneer Squad
Pak 40 Anti-tank Gun Team
MG 42 Bunker
Selects No Quarter
MG 42 Bunker
MG 42 Bunker
MG 42 Bunker
MG 42 Bunker
MG 42 Bunker
Support Elements
Forward Retreat Point
Nebelwerfer 42 Rocket Launcher Team
Nebelwerfer 42 Rocket Launcher Team
MG 42 Bunker
MG 42 Bunker
MG 42 Bunker
MG 42 Bunker
MG 42 Bunker
普通玩家
monomono
Chris P. Bacon
fengdadagg
Strider_perc
Courtuneitor
Abazur
Derlis
0
0

Comments sign in to comment!

No comments posted yet!